AoeStats
← GenghisKhan7734

Arena

508271000Analyzed
3v3 RM · 11d ago on Sep 21, 2026· 75m 40s· 6 players
Game mode
Random Map
Map size
Normal (6 player)
Population
200
Speed
Normal
Resources
Standard
Victory
Conquest
Starting age
Dark Age
Ending age
Imperial Age
RankedLock teamsTeams togetherTeam positionsShared explorationLock speedFull tech treeHidden civsTurbo modeCheats
Victory
Defeat
🇺🇸 Bohemians · United States
555
+22
🇮🇹 Inca · Italy
470
+25
🇹🇷 Khmer · Türkiye
457
+25
🇰🇿 Bohemians · Kazakhstan
756
-84
🇰🇿 Mongols · Kazakhstan
664
-50
🇰🇿 Japanese · Kazakhstan
664
-50
Amaromuro876
14:44 Feudal Age
15:46 Double-Bit Axe
16:43 Champi Runner
21:44 Stone Mining
23:06 Gold Mining
25:56 Castle Age
24:54 Horse Collar
29:21 Champi Warrior
31:06 Heavy Plow
31:46 Masonry
32:59 Stone Shaft Mining
34:17 Gold Shaft Mining
34:26 Bow Saw
36:28 Wheelbarrow
41:13 Hand Cart
46:01 Imperial Age
45:58 Forging
45:48 Scale Mail Armor
46:17 Caravan
46:47 Elite Champi Warrior
46:50 Elite Kamayuk
50:22 Iron Casting
50:02 Chain Mail Armor
54:09 Blast Furnace
53:40 Plate Mail Armor
53:51 Crop Rotation
55:30 Squires
56:09 Fabric Shields
58:52 Chemistry
57:42 Heated Shot
57:34 Treadmill Crane
60:45 Conscription
61:15 Hoardings
Lizzie Borden
12:39 Feudal Age
18:07 Castle Age
16:31 Horse Collar
18:25 Loom
20:58 Wheelbarrow
20:10 Town Watch
22:41 Hand Cart
23:23 Double-Bit Axe
24:21 Heavy Plow
29:37 Chemistry
28:59 Ballistics
28:37 Murder Holes
31:39 Wagenburg Tactics
32:02 Caravan
35:45 Imperial Age
33:21 Town Patrol
36:49 Fortified Wall
46:24 Houfnice
Tyrann03
1:24 Loom
11:34 Feudal Age
12:04 Town Watch
12:55 Wheelbarrow
12:19 Double-Bit Axe
12:17 Horse Collar
13:53 Gold Mining
20:03 Stone Mining
23:47 Castle Age
25:13 Town Patrol
25:42 Hand Cart
25:52 Bloodlines
25:43 Husbandry
26:14 Caravan
26:33 Bow Saw
26:53 Heavy Plow
28:00 Gold Shaft Mining
29:01 Stone Shaft Mining
29:47 Fervor
32:17 Husbandry
32:26 Scale Barding Armor
32:32 Forging
34:12 Chain Barding Armor
33:53 Murder Holes
34:09 Masonry
34:09 Fortified Wall
34:54 Iron Casting
39:33 Imperial Age
37:33 Ballistics
41:14 Tusk Swords
41:40 Conscription
43:45 Crop Rotation
42:59 Elite Battle Elephant
45:47 Plate Barding Armor
46:33 Blast Furnace
62:22 Elite Ballista Elephant
63:45 Hoardings
arifyussupov
15:14 Feudal Age
16:34 Wheelbarrow
15:43 Horse Collar
16:12 Double-Bit Axe
17:12 Gold Mining
18:26 Stone Mining
23:06 Castle Age
23:54 Heavy Plow
24:46 Gold Shaft Mining
25:38 Stone Shaft Mining
27:02 Hand Cart
29:01 Bow Saw
35:09 Scale Barding Armor
35:05 Scale Mail Armor
35:15 Forging
34:56 Fletching
35:07 Padded Archer Armor
35:22 Caravan
38:19 Nomads
41:01 Imperial Age
41:08 Imperial Age
41:27 Chain Barding Armor
41:23 Chain Mail Armor
41:43 Iron Casting
41:04 Bodkin Arrow
41:25 Leather Archer Armor
41:55 Elite Steppe Lancer
51:02 Hoardings
49:47 Elite Mangudai
66:08 Onager
GenghisKhan7734
8:37 Loom
11:19 Feudal Age
13:04 Double-Bit Axe
13:00 Horse Collar
16:31 Castle Age
14:59 Man-at-Arms
17:57 Gambesons
23:06 Long Swordsman
23:54 Crossbowman
26:18 Thumb Ring
27:38 Bow Saw
27:30 Heavy Plow
36:39 Imperial Age
36:14 Elite Skirmisher
37:48 Caravan
39:43 Fletching
40:04 Forging
39:17 Arbalester
39:45 Two-Handed Swordsman
42:19 Champion
66:20 Pikeman
67:31 Squires
miraskz2016
11:54 Feudal Age
13:47 Wheelbarrow
13:39 Double-Bit Axe
14:14 Loom
19:28 Castle Age
18:01 Horse Collar
21:01 Hand Cart
20:48 Heavy Plow
23:13 Bow Saw
27:29 Town Watch
30:43 Wagenburg Tactics
31:17 Caravan
32:21 Town Patrol
37:54 Imperial Age
37:08 Fortified Wall
37:09 Masonry
36:40 Treadmill Crane
37:21 Ballistics
38:02 Chemistry
37:26 Ballistics
38:07 Chemistry
38:43 Siege Engineers
39:11 Architecture
38:06 Elite Hussite Wagon
39:11 Conscription
41:17 Two-Man Saw
43:36 Onager
Connection lost

Rejoining the realm…

Still unreachable

The connection could not be restored.

Session expired

The server has moved on; the page needs a fresh start.